Map: King's Cove LE

Players

Geralt (Gerald)

  • Race: Protoss Protoss
  • League: Master
  • Spawn Location: 11:00

Solar - Winner!

  • Race: Zerg Zerg
  • Spawn Location: 5:00

VOD

Have the link to the VOD?

Description

Time

  • Played on: May 23, 2019, 12:19 p.m.
  • Length: 13:31
Show
View Real Time Build Order
Export as new Build Order

Geralt Protoss 

Build Orders: 1 Gate Expand, Oracle Opening, Archon Immortal 

Get SALT Encoding   

  12  0:00  Probe  
  13  0:12  Probe  
  14  0:19  Pylon  
  14  0:24  Probe  
  15  0:29  Assimilator  
  15  0:36  Probe  
  16  0:44  Gateway, Probe  
  17  0:52  Probe  
  18  1:03  Probe  
  19  1:16  Probe  
  20  1:25  Nexus  
  20  1:35  Cybernetics Core  
  20  1:37  Probe  
  21  1:42  Assimilator  
  21  1:49  Probe  
  21  1:54  Pylon  
  22  2:01  Probe  
  22  2:02  Adept  
  23  2:13  Probe  
  26  2:17  Stargate  
  26  2:22  Warp Gate  
  26  2:24  Stalker  
  26  2:26  Probe  
  29  2:38  Probe x2  
  31  2:50  Probe x2, Oracle  
  33  3:02  Probe  
  33  3:03  Probe  
  38  3:07  Gateway  
  38  3:14  Probe  
  38  3:17  Oracle  
  39  3:23  Probe  
  39  3:26  Pylon, Probe  
  41  3:31  Assimilator  
  44  3:34  Assimilator  
  44  3:35  Probe  
  44  3:38  Probe  
  46  3:45  Pylon  
  46  3:47  Probe  
  47  3:50  Probe  
  48  3:59  Probe  
  50  4:02  Probe  
  50  4:05  Oracle  
  53  4:11  Probe  
  53  4:14  Probe  
  55  4:22  Twilight Council  
  55  4:24  Probe  
  54  4:25  Robotics Facility  
  54  4:27  Probe  
  55  4:32  Adept x2  
  55  4:36  Probe  
  60  4:39  Pylon, Probe  
  61  4:48  Nexus, Probe  
  62  4:57  Probe  
  62  4:58  Pylon, Shield Battery  
  63  5:03  Templar Archives, Adept  
  63  5:04  Adept  
  63  5:06  Probe  
  68  5:12  Warp Prism  
  70  5:16  Probe  
  71  5:31  Probe  
  73  5:36  Phoenix  
  73  5:38  Gateway  
  73  5:39  Psionic Storm  
  73  5:40  Gateway  
  73  5:41  High Templar  
  77  5:43  Pylon  
  77  5:46  Probe  
  77  5:51  Probe  
  78  6:01  Pylon  
  78  6:03  Immortal, High Templar  
  80  6:05  Probe  
  80  6:09  Probe  
  86  6:11  Probe  
  86  6:14  Assimilator  
  86  6:15  Assimilator  
  86  6:17  Probe  
  88  6:20  Pylon  
  88  6:21  Zealot, Probe  
  88  6:23  Probe  
  92  6:29  Probe  
  93  6:33  Probe  
  93  6:34  Charge  
  93  6:35  Probe  
  93  6:36  Forge  
  93  6:39  Zealot x3  
  101  6:41  Probe  
  101  6:45  Probe  
  101  6:46  Pylon  
  103  6:47  Probe  
  103  6:49  High Templar  
  103  6:51  Phoenix  
  103  6:53  Probe  
  107  6:57  Probe  
  107  7:00  Probe  
  111  7:05  Probe  
  112  7:09  Probe  
  112  7:12  Probe  
  112  7:13  Gateway  
  112  7:15  Gateway, Photon Cannon  
  114  7:16  Shield Battery  
  114  7:19  Photon Cannon  
  114  7:20  Protoss Ground Weapons Level 1  
  114  7:21  Shield Battery  
  114  7:23  High Templar x4  
  114  7:24  Archon  
  122  7:32  Archon  
  122  7:35  Photon Cannon  
  118  7:39  Shield Battery  
  118  7:41  Observer  
  119  7:48  Probe  
  120  7:55  Nexus  
  120  7:56  Pylon  
  120  8:02  Phoenix  
  124  8:05  Probe  
  124  8:11  Pylon  
  123  8:13  Pylon, Immortal  
  123  8:14  Probe  
  123  8:15  Pylon  
  123  8:16  Zealot  
  123  8:18  Photon Cannon  
  123  8:19  Shield Battery  
  130  8:22  Zealot  
  131  8:32  Probe  
  130  8:40  High Templar x5  
  130  8:41  Probe  
  139  8:43  Probe  
  139  8:44  Immortal, Archon  
  139  8:45  Archon  
  139  8:46  Probe  
  141  8:53  Probe  
  146  8:55  Probe  
  146  9:02  Zealot  
  149  9:16  Zealot x5  
  159  9:19  Probe x2  
  159  9:23  Immortal  
  165  9:25  Pylon, Protoss Ground Weapons Level 2  
  165  9:26  Pylon  
  165  9:30  Fleet Beacon  
  167  9:31  Stargate  
  167  9:32  Assimilator x2  
  165  9:39  Pylon  
  165  9:40  Pylon  
  165  9:42  Pylon, Nexus  
  165  9:43  Pylon  
  165  9:49  Zealot x6  
  177  10:02  Immortal  
  181  10:19  Zealot x6  
  193  10:27  Protoss Air Weapons Level 1  
  177  10:43  Zealot x5  
  177  10:44  Zealot  
  177  10:47  Immortal  
  181  10:56  Probe  
  182  11:02  Probe  
  182  11:04  Mothership  
  191  11:06  Tempest x2  
  189  11:13  Nexus  
  181  11:20  Photon Cannon  
  181  11:22  Photon Cannon  
  181  11:24  Photon Cannon  
  181  11:25  Shield Battery  
  181  11:26  Shield Battery  
  181  11:29  Shield Battery  
  175  11:41  Zealot x5  
  175  11:45  Immortal  
  162  12:02  Tempest x2  
  162  12:03  Zealot x2  
  162  12:04  Zealot x3  
  180  12:09  Probe  
  169  12:18  Gateway  
  169  12:19  Gateway  
  169  12:21  Gateway  
  157  12:25  Zealot  
  157  12:26  Zealot x4  
  147  12:30  Observer  
  145  12:44  Assimilator  
  145  12:47  Zealot x3  
  145  12:48  Zealot x2, Assimilator  
  159  12:51  Immortal  
  138  13:10  Zealot x5  
  134  13:19  Probe  
  116  13:20  Zealot x3  
Show
View Real Time Build Order
Export as new Build Order

Solar Zerg - Winner!

Build Orders: Hatch First, Lurkers, Roach Hydra 

Get SALT Encoding   

  12  0:01  Drone  
  13  0:12  Overlord  
  13  0:19  Drone  
  14  0:32  Drone x2  
  16  0:49  Hatchery  
  15  0:53  Drone  
  15  0:56  Drone  
  17  1:00  Drone  
  18  1:11  Extractor  
  17  1:16  Spawning Pool  
  16  1:19  Drone  
  16  1:21  Drone  
  18  1:30  Drone  
  19  1:40  Drone  
  20  1:50  Drone  
  21  2:02  Hatchery  
  21  2:03  Queen  
  21  2:06  Drone  
  24  2:08  Drone  
  24  2:17  Drone  
  24  2:21  Metabolic Boost  
  25  2:24  Overlord  
  25  2:31  Queen  
  25  2:34  Zergling x2  
  28  2:42  Zergling x2  
  28  2:44  Drone x2  
  31  2:45  Drone  
  31  2:51  Queen  
  32  2:54  Drone  
  35  2:59  Drone  
  36  3:07  Overlord  
  36  3:15  Queen  
  36  3:18  Drone x4  
  42  3:29  Drone  
  42  3:30  Overlord, Drone  
  42  3:31  Drone  
  45  3:36  Drone  
  45  3:37  Drone  
  45  3:40  Drone x2  
  50  3:41  Drone  
  50  3:44  Overlord  
  50  3:50  Drone x3  
  50  3:55  Roach Warren  
  52  3:58  Zergling x2  
  52  4:00  Spore Crawler  
  52  4:02  Spore Crawler x2  
  49  4:05  Queen  
  49  4:06  Spore Crawler  
  49  4:08  Zergling x2  
  50  4:10  Zergling x2  
  50  4:12  Drone  
  50  4:14  Drone  
  50  4:17  Drone  
  55  4:18  Drone  
  55  4:20  Drone x3  
  58  4:25  Drone  
  58  4:27  Drone x3  
  58  4:30  Drone x2  
  64  4:35  Overlord  
  64  4:39  Lair  
  64  4:40  Drone  
  64  4:41  Drone  
  63  4:46  Drone x2  
  63  4:48  Drone  
  63  4:49  Drone  
  63  4:51  Extractor  
  63  4:52  Queen, Extractor  
  65  4:53  Overlord  
  65  4:54  Drone  
  65  4:56  Drone  
  65  4:58  Drone x2  
  70  5:00  Zergling x4  
  70  5:06  Overlord  
  71  5:08  Drone x2  
  71  5:11  Extractor  
  71  5:12  Drone x2, Extractor  
  71  5:13  Drone  
  74  5:14  Overlord  
  74  5:15  Drone x2  
  74  5:20  Queen  
  76  5:22  Drone  
  76  5:24  Drone x2  
  76  5:25  Drone  
  76  5:27  Overlord  
  79  5:28  Drone  
  79  5:32  Drone x2  
  81  5:38  Glial Reconstitution, Evolution Chamber  
  80  5:46  Roach x5, Extractor  
  89  5:50  Drone  
  89  5:53  Drone  
  89  5:54  Spire  
  89  5:55  Zergling x4  
  92  6:02  Overlord  
  92  6:06  Overlord  
  92  6:07  Overseer  
  92  6:08  Zergling x4  
  92  6:09  Overseer  
  94  6:12  Hatchery  
  94  6:15  Zergling x8  
  97  6:18  Overlord  
  97  6:20  Zergling x2  
  97  6:22  Overlord  
  97  6:49  Drone x2  
  97  6:51  Drone  
  97  6:54  Zergling x22  
  101  6:55  Zergling x4  
  101  6:57  Extractor  
  110  7:06  Mutalisk x3  
  116  7:13  Mutalisk x3  
  122  7:17  Overlord x2  
  122  7:18  Zerg Missile Weapons Level 1  
  122  7:19  Hydralisk Den  
  122  7:21  Overlord  
  121  7:23  Overlord  
  121  7:25  Drone x3, Mutalisk  
  121  7:27  Overlord  
  121  7:29  Roach  
  126  7:31  Roach  
  126  7:34  Overlord  
  126  7:38  Drone x3  
  126  7:42  Drone  
  129  7:45  Drone  
  129  7:46  Drone  
  129  7:48  Grooved Spines  
  129  7:49  Drone x4  
  135  7:56  Drone  
  135  7:58  Hydralisk x5  
  136  8:00  Lurker Den  
  136  8:05  Hydralisk x2  
  145  8:08  Extractor  
  145  8:11  Hydralisk x4  
  145  8:12  Infestation Pit  
  155  8:15  Drone x3  
  155  8:18  Drone x3  
  161  8:20  Overlord x2  
  161  8:22  Overlord  
  161  8:23  Overlord  
  161  8:25  Overlord  
  161  8:27  Overlord  
  161  8:30  Drone  
  161  8:31  Drone x2  
  160  8:34  Drone  
  160  8:40  Hydralisk  
  159  8:43  Hydralisk x2  
  163  8:51  Hive  
  163  8:53  Hydralisk x2  
  166  8:57  Hatchery, Zergling x2  
  166  8:58  Zergling x18  
  175  9:05  Hydralisk x4  
  181  9:10  Zergling x10  
  173  9:23  Zerg Missile Weapons Level 2  
  169  9:27  Lurker x11  
  169  9:29  Extractor  
  178  9:32  Drone x3, Extractor  
  178  9:33  Hydralisk x2  
  178  9:36  Muscular Augments  
  184  9:39  Roach x3  
  184  9:42  Overseer  
  184  9:44  Roach x3  
  195  9:48  Roach x2  
  199  9:55  Zergling x2  
  200  10:03  Adaptive Talons  
  198  10:17  Zergling x2  
  199  10:23  Greater Spire  
  199  10:28  Hydralisk  
  199  10:31  Hydralisk x2  
  199  10:33  Hydralisk  
  198  10:39  Hydralisk  
  198  10:41  Hydralisk  
  199  10:45  Hydralisk  
  199  10:46  Hydralisk  
  196  10:52  Hydralisk  
  196  10:53  Hydralisk x3  
  196  10:56  Queen  
  197  10:57  Drone x2  
  197  11:28  Zergling x4  
  197  11:29  Zergling x20  
  195  11:42  Corruptor x2  
  195  11:45  Corruptor x2  
  198  11:48  Corruptor  
  193  11:56  Corruptor x5  
  193  11:58  Hydralisk x4  
  194  12:03  Hydralisk x2  
  194  12:04  Hydralisk  
  194  12:05  Hydralisk  
  194  12:06  Hydralisk x2  
  200  12:09  Hydralisk  
  200  12:11  Zergling x4  
  200  12:15  Hydralisk x3  
  199  12:19  Hydralisk x4  
  195  12:26  Hydralisk x2  
  195  12:27  Hydralisk  
  184  12:31  Hydralisk  
  184  12:32  Hydralisk x2  
  184  12:36  Overseer x2  
  183  12:37  Zergling x4  
  183  12:38  Zergling x4  
  183  12:41  Lurker x5  
  183  12:42  Hydralisk  
  188  12:45  Roach  
  188  12:46  Roach  
  191  12:51  Zergling x2  
  191  12:52  Zergling x4  
  191  12:53  Hydralisk  
  189  12:59  Hydralisk x3  
  189  13:05  Hydralisk x2  
  199  13:06  Zergling x2  
  199  13:08  Zergling x4  
  199  13:11  Roach  
Tags
 
Add a new tag
Caveats
  • Supply blocks, unpowered buildings, or Contaminate may cause inaccurate times.
  • Supply counts are checked every 10 seconds.